 Dungeon Crawl Stone Soup version 0.27-a0-789-g6bb3289e1e (webtiles) character file.

Game seed: 18340784138005510352

637 snetch the Chopper (level 7, 0/62 HPs)
             Began as a Minotaur Berserker on Mar 26, 2021.
             Was a Priest of Trog.
             Slain by Duvessa
             ... wielding a +0 short sword
              (15 damage)
             ... on level 4 of the Dungeon.
             The game lasted 00:08:55 (2789 turns).

snetch the Chopper (Minotaur Berserker)             Turns: 2789, Time: 00:08:56

Health: 0/62       AC: 13    Str: 23    XL:     7   Next: 25%
Magic:  6/6        EV:  8    Int:  4    God:    Trog [***...]
Gold:   160        SH:  0    Dex: 10    Spells: 6/6 levels left

rFire    . . .     SeeInvis .   a - +0 hand axe
rCold    . . .     Faith    .   (no shield)
rNeg     . . .     Spirit   .   n - +0 plate armour
rPois    .         Reflect  .   (helmet restricted)
rElec    .         Harm     .   (no cloak)
rCorr    .         Rampage  .   (no gloves)
Will     .....                  w - +0 pair of boots
Stlth    ..........             i - amulet of regeneration
HPRegen  1.20/turn              j - ring of flight
MPRegen  0.10/turn              (no ring)

@: studying Armour
A: horns 2, retaliatory headbutt
a: Renounce Religion, Evoke Flight, Berserk, Trog's Hand


You were on level 4 of the Dungeon.
You worshipped Trog.
Trog was most pleased with you.
You visited 1 branch of the dungeon, and saw 6 of its levels.

You collected 160 gold pieces.

Inventory:

Hand Weapons
 a - a +0 hand axe (weapon)
 b - a +1 vorpal hunting sling
 c - a +0 morningstar
 d - a +0 halberd
Missiles
 f - 40 sling bullets
 q - 13 bolts
 r - 27 poisoned darts (quivered)
 t - a throwing net
 A - 56 arrows
 B - 184 stones
Armour
 n - a +0 plate armour (worn)
 v - a +0 kite shield
 w - a +0 pair of boots (worn)
Jewellery
 i - an amulet of regeneration (around neck)
 j - a ring of flight (right hand)
 s - an amulet of reflection
Wands
 u - a wand of paralysis (9)
 x - a wand of digging (7)
Scrolls
 e - a scroll of fear {unknown}
 p - a scroll of enchant weapon {unknown}
 y - 3 scrolls of identify {unknown}
 z - a scroll of teleportation {unknown}
Potions
 g - a potion of haste {unknown}
 h - 4 potions of heal wounds {unknown}
 k - a potion of cancellation {unknown}
 l - a potion of might {unknown}
 m - a potion of resistance {unknown}
 o - a potion of invisibility {unknown}
 C - a potion of brilliance {unknown}
 D - a potion of mutation {unknown}


   Skills:
 + Level 5.9 Fighting
 + Level 6.8 Axes
 + Level 5.6 Armour
 + Level 4.1 Dodging
 + Level 0.7 Stealth


You had 6 spell levels left.
You didn't know any spells.
Your spell library contained the following spells:

 Spells                   Type           Power      Damage    Failure   Level
 Confusing Touch          Hex            0%         N/A       100%        3
 Gell's Gravitas          Tloc           0%         N/A       100%        3
 Petrify                  Tmut/Erth      0%         N/A       100%        4
 Metabolic Englaciation   Hex/Ice        0%         N/A       100%        5
 Yara's Violent Unravell  Hex/Tmut       0%         3d3       100%        5


Dungeon Overview and Level Annotations

Branches:
Dungeon (6/15)
 Temple: D:4-7

Altars:
Xom

Annotations:
D:4 Duvessa


Innate Abilities, Weirdness & Mutations

You have a pair of horns on your head.
You reflexively headbutt those who attack you in melee.


Message History

You miss Dowan. Your headbutt misses Dowan.
Dowan is moderately wounded.
You barely miss Duvessa.
Duvessa says, "Where magic fails, the sword succeeds!"
Duvessa hits you with a +0 short sword.
Dowan casts a spell.
Dowan blinks!
You hit Duvessa but do no damage. You headbutt Duvessa, but do no damage.
Duvessa is moderately wounded.
Duvessa hits you but does no damage.
Unknown command.
You hit Duvessa. You headbutt Duvessa!
Duvessa is severely wounded.
You hit Dowan. Duvessa barely misses you. You furiously retaliate!
You headbutt Duvessa! Dowan hits you but does no damage.
You miss Dowan.
Dowan is heavily wounded.
You hit Duvessa. Duvessa hits you with a +0 short sword.
Dowan hits you with a +0 dagger.
You slash Dowan! You headbutt Dowan.
Dowan is almost dead.
You hit Duvessa but do no damage. Duvessa hits you but does no damage.
Dowan gestures at you while chanting. The puff of frost hits you!
You hit Dowan.
Dowan is almost dead.
You barely miss Duvessa. Duvessa hits you but does no damage.
Dowan hits you but does no damage.
Unknown command.
You barely miss Dowan. You headbutt Dowan.
You kill Dowan!
Trog accepts your kill.
Trog appreciates your killing of a magic user.
Duvessa screams in rage.
Duvessa goes berserk!
You hit Duvessa.
Duvessa hits you with a +0 short sword! x2
* * * LOW HITPOINT WARNING * * *
You hit Duvessa.
Duvessa is almost dead.
Duvessa hits you with a +0 short sword!
You die...

#.####...######.#.#
#........'...##.#.#
######...###.##.#.#
..#...# #.##.#.# #.#...#
#.##.#.#
########.#...###.##.#.#
#........#........)..<.
#........###....###.###
#....)@e...............
#.......####....#######
#.......# #....##P.#..
#.......####....##8['..
........)........##P.#.#
##.......#######.#####<#
######### #.#.# #.#
#.#.# #.# ####.#.###.#


You could see Duvessa (berserk).

Vanquished Creatures
  The ghost of robertstho the Magician, an amateur DjFE (D:4)
  A black bear (D:5)
  A phantom (D:1)
  Dowan (D:4)
  An iguana (D:4)
  2 orc wizards (D:2)
  Robin (D:3)
  A gnoll (D:1)
  3 adders
  An adder skeleton (D:4)
  3 worms
  3 dart slugs
  6 orcs
  7 endoplasms
  3 giant cockroaches
  14 goblins
  7 hobgoblins
  3 quokkas
  3 ball pythons
  11 bats
  7 frilled lizards
  2 kobolds
  6 rats
88 creatures vanquished.

Notes
Turn   | Place    | Note
-------+----------+-------------------------------------------
     0 | D:1      | snetch the Minotaur Berserker began the quest for the Orb.
     0 | D:1      | Reached XP level 1. HP: 19/19 MP: 0/0
    96 | D:2      | Reached XP level 2. HP: 19/27 MP: 1/1
   113 | D:2      | Reached skill level 4 in Axes
   202 | D:2      | Noticed a phantom
   221 | D:1      | Killed a phantom
   222 | D:1      | Reached XP level 3. HP: 4/34 MP: 2/2
   222 | D:1      | Reached XP level 4. HP: 5/41 MP: 3/3
   533 | D:2      | Reached skill level 5 in Axes
   550 | D:2      | Reached ** piety under Trog
   551 | D:2      | Reached skill level 5 in Fighting
   551 | D:2      | Reached XP level 5. HP: 16/48 MP: 4/4
   799 | D:5      | Entered Level 5 of the Dungeon
   799 | D:5      | Noticed a black bear
   813 | D:5      | Killed a black bear
  1298 | D:1      | Reached XP level 6. HP: 55/56 MP: 5/5
  1776 | D:3      | Reached *** piety under Trog
  1783 | D:3      | Found a shimmering altar of Xom.
  2015 | D:3      | Noticed Robin
  2027 | D:3      | Killed Robin
  2046 | D:4      | Found a runed translucent door.
  2046 | D:4      | Noticed robertstho's ghost (amateur DjFE)
  2059 | D:4      | Killed robertstho's ghost
  2060 | D:4      | Reached skill level 6 in Axes
  2060 | D:4      | Reached skill level 5 in Armour
  2060 | D:4      | Reached XP level 7. HP: 46/62 MP: 6/6
  2770 | D:4      | Noticed Duvessa
  2771 | D:4      | Noticed Dowan
  2788 | D:4      | Killed Dowan
  2789 | D:4      | Slain by Duvessa

Illustrated notes

Levels and vault maps discovered:
D:1:      erik_arrival_blinker_ship, layout_rooms, minmay_close_crescents
D:2:      layout_rooms, dk_vineyard_3
D:3:      layout_loops_cross, marbit_many_paths, uniq_robin
D:4:      layout_basic, gammafunk_ghost_grave, uniq_duvessa
D:5:      layout_cave_pools, nicolae_ru_sacrificial_ziggurat,
          kennysheep_mini_moat, kennysheep_generic_room_9
D:6:      mumra_celtic_spiral_tile, layout_rooms, gammafunk_ghost_mausoleum,
          nicolae_benzene_ring

Skill      XL: |  1  2  3  4  5  6  7 |
---------------+----------------------+-----
Axes           | 4 5 6 |  6.8
Fighting       | 4 5 |  5.9
Armour         | 3 5 |  5.6
Dodging        | 3 4 |  4.1
Stealth        | |  0.7

Action                   |  1- 3 |  4- 6 |  7- 9 || total
-------------------------+-------+-------+-------++-------
Melee: Hand axe          |    23 |   146 |    42 ||   211
       Headbutt          |     3 |    28 |    15 ||    46
       Morningstar       |       |       |     1 ||     1
Invok: Berserk           |       |     1 |       ||     1
       Trog's Hand       |       |       |     1 ||     1
Armor: Animal skin       |     6 |       |       ||     6
       Ring mail         |       |    13 |       ||    13
       Leather armour    |       |    27 |       ||    27
       Plate armour      |       |    32 |    17 ||    49
Dodge: Dodged            |    19 |    60 |    12 ||    91

Table legend: (Time is in decaauts)
 A = Elapsed time spent in this place.
 B = Non-inter-level travel time spent in this place.
 C = Inter-level travel time spent in this place.
 D = Time resting spent in this place.
 E = Time spent auto-exploring this place.
 F = Levels seen in this place.
 G = Mean time per level.
                   A        B        C        D        E       F      G
               +--------+--------+--------+--------+--------+-----+--------+
         Total |   2808 |   2745 |     63 |    564 |   1233 |   6 |  468.0 |
       Dungeon |   2808 |   2745 |     63 |    564 |   1233 |   6 |  468.0 |
               +--------+--------+--------+--------+--------+-----+--------+

Top non-repeatable levels by time:
     D:1: 764 daAuts
     D:3: 677 daAuts
     D:2: 663 daAuts
     D:4: 461 daAuts
     D:5: 206 daAuts
     D:6: 34 daAuts
